 Dungeon Crawl Stone Soup version 0.29-a0-584-gb10a8bf730 (webtiles) character file.

Game seed: 5582925166088558410

9319 Nedwor the Basher (level 11, 0/97 HPs)
             Began as a Minotaur Fighter on June 15, 2022.
             Was a Follower of the Shining One.
             Slain by a slime creature (3 damage)
             ... on level 11 of the Dungeon.
             The game lasted 00:19:30 (11019 turns).

Nedwor the Basher (Minotaur Fighter)               Turns: 11019, Time: 00:19:31

Health: 0/97       AC: 27    Str: 27    XL:     11   Next: 21%
Magic:  10/10      EV:  8    Int:  5    God:    the Shining One [*.....]
Gold:   1215       SH: 10    Dex: 10    Spells: 10/10 levels left

rFire   . . .      SeeInvis .   d - +4 morningstar (protect)
rCold   + . .      Faith    +   F - +0 kite shield
rNeg    . . .      Spirit   .   B - +0 plate armour
rPois   +          Reflect  .   t - +1 hat
rElec   +          Harm     .   f - +2 cloak
rCorr   .          Rampage  .   (no gloves)
Will    .....                   n - +0 pair of boots
Stlth   ..........              g - amulet "Geuvauf" {Faith +Blink rElec Str+2}
HPRegen 0.26/turn               e - ring of poison resistance
MPRegen 0.12/turn               r - ring of protection from cold

@: under a protective aura, glowing
A: horns 2, retaliatory headbutt
a: Renounce Religion, Evoke Blink, Divine Shield


You were on level 11 of the Dungeon.
You worshipped the Shining One.
The Shining One was aware of your devotion.
You visited 2 branches of the dungeon, and saw 12 of its levels.

You collected 1264 gold pieces.
You spent 49 gold pieces at shops.

Inventory:

Hand Weapons
 d - a +4 morningstar of protection (weapon)
 D - the +3 flail of the Nurturing Boar {speed, Contam rPois rC+ rCorr}
   (You found it on level 5 of the Dungeon)

   Attacks with this weapon are significantly faster.
   rC:        It protects you from cold.
   rPois:     It protects you from poison.
   Contam:    It causes magical contamination when unequipped.
   rCorr:     It protects you from acid and corrosion.
Armour
 f - a +2 cloak (worn)
 n - a +0 pair of boots (worn)
 t - a +1 hat (worn)
 B - a +0 plate armour (worn)
 F - a +0 kite shield (worn)
Jewellery
 c - a +6 ring of dexterity
 e - a ring of poison resistance (left hand)
 g - the amulet "Geuvauf" (around neck) {Faith +Blink rElec Str+2}
   (You acquired it on level 7 of the Dungeon)

   [amulet of faith]

   It allows you to gain divine favour quickly.
   Str:       It affects your strength (+2).
   rElec:     It insulates you from electricity.
   +Blink:    It lets you blink.
 o - a ring of wizardry
 p - a +6 ring of dexterity
 r - a ring of protection from cold (right hand)
Wands
 i - a wand of paralysis (9)
 x - a wand of charming (10)
 H - a wand of flame (38)
 I - a wand of digging (6)
Scrolls
 b - a scroll of identify
 j - 5 scrolls of teleportation
 q - 3 scrolls of amnesia
 s - a scroll of magic mapping
 v - 2 scrolls of fog
 w - 3 scrolls of enchant weapon
 y - a scroll of enchant armour
 G - 3 scrolls of fear {unknown}
Potions
 a - 2 potions of mutation
 h - a potion of cancellation
 k - 3 potions of heal wounds
 l - a potion of might
 m - 4 potions of curing
 u - a potion of attraction {unknown}
 z - a potion of brilliance
 A - 2 potions of magic
 C - a potion of ambrosia
 E - a potion of flight


   Skills:
 + Level 9.4 Fighting
 * Level 12.4 Maces & Flails
 + Level 9.3 Armour
 + Level 7.7 Dodging
 + Level 9.4 Shields


You had 10 spell levels left.
You didn't know any spells.
Your spell library contained the following spells:

 Spells                   Type           Power      Damage    Failure   Level
 Apportation              Tloc           0%         N/A       100%        1
 Static Discharge         Conj/Air       0%         N/A       100%        2
 Dazzling Flash           Conj/Hex       0%         N/A       100%        3
 Iskenderun's Mystic Bla  Conj/Tloc      0%         2d3       100%        4
 Alistair's Intoxication  Tmut/Pois      0%         N/A       100%        5
 Lightning Bolt           Conj/Air       0%         1d11      100%        5
 Starburst                Conj/Fire      0%         6d3       100%        6
 Maxwell's Capacitive Co  Air            0%         ∞         100%        8


Dungeon Overview and Level Annotations

Branches:
Dungeon (11/15)            Temple (1/1) D:5            Lair (0/6) D:9
    Orc: D:9-12

Altars:
Ashenzari
Dithmenos
Elyvilon
Fedhas
Gozag
Hepliaklqana
Makhleb
Okawaru
Ru
Uskayaw
Xom
The Shining One

Shops:
D:5 [   D:10 :


Innate Abilities, Weirdness & Mutations

You have a pair of horns on your head.
You reflexively headbutt those who attack you in melee.


Message History

The slime creature hits you but does no damage.
Two slime creatures merge to form a large slime creature.
You puncture the large slime creature!
The large slime creature is moderately wounded.
The slime creature hits you! x2
You sock the large slime creature! You headbutt the large slime creature.
The large slime creature is moderately wounded.
The slime creature hits you but does no damage.
The slime creature hits you!
Unknown command.
You impale the large slime creature!!
You headbutt the large slime creature, but do no damage.
The large slime creature is heavily wounded.
The slime creature hits you. You block the slime creature's attack.
The large slime creature hits you but does no damage.
You completely miss the large slime creature.
The large slime creature is heavily wounded.
The slime creature hits you but does no damage.
You block the slime creature's attack. The large slime creature hits you!!
* * * LOW HITPOINT WARNING * * *
You are too injured to fight recklessly!
You puncture the large slime creature!
The large slime creature is severely wounded.
The slime creature hits you.
* * * LOW HITPOINT WARNING * * *
The slime creature hits you.
* * * LOW HITPOINT WARNING * * *
The large slime creature barely misses you.
The slime creature attacks as you move away!
The slime creature hits you!
* * * LOW HITPOINT WARNING * * *
The large slime creature attacks as you move away!
The large slime creature hits you!
* * * LOW HITPOINT WARNING * * *
There is a stone staircase leading up here.
The slime creature attacks as you move away!
The slime creature hits you but does no damage.
The slime creature attacks as you move away!
The slime creature hits you.
You die...

#############
............#
............#
............#
............#
.../.....J..######
.........J@....?.+
...?.....J..######
............#
#####.####### #.
#. #


You could see a large slime creature and 2 slime creatures.

Vanquished Creatures
  2 two-headed ogres
  Pikel (D:5)
  A gargoyle (D:10)
  A komodo dragon (D:9)
  A troll (D:10)
  A hornet (D:10)
  A slime creature (D:11)
  Grinder (D:4)
  3 wyverns
  A shadow (D:5)
  11 yaks
  A steam dragon (D:7)
  2 vampire mosquitoes (D:10)
  Menkaure (D:4)
  2 acid dragons
  2 orc warriors (D:10)
  3 ice beasts
  An ogre (D:7)
  3 centaurs
  A phantom (D:6)
  2 bullfrogs (D:7)
  2 kobold brigands
  2 necrophages
  3 scorpions
  11 wights
  3 killer bees (D:9)
  6 howler monkeys
  6 electric eels
  3 jellies
  4 orc priests
  A hound (D:7)
  A gnoll shaman (D:8)
  6 iguanas
  9 orc wizards
  5 adders
  7 gnolls
  A shadow imp (D:5)
  2 white imps
  2 ufetubi
  2 worms (D:2)
  2 dart slugs (D:3)
  19 orcs
  10 ball pythons
  7 bats
  6 endoplasms
  6 giant cockroaches
  13 goblins
  7 hobgoblins
  3 jackals
  21 kobolds
  3 frilled lizards
  3 rats
218 creatures vanquished.

Vanquished Creatures (others)
  25 plants
25 creatures vanquished.

Grand Total: 243 creatures vanquished

Notes
Turn   | Place    | Note
-------+----------+-------------------------------------------
     0 | D:1      | Nedwor the Minotaur Fighter began the quest for the Orb.
     0 | D:1      | Reached XP level 1. HP: 19/19 MP: 0/0
   113 | D:1      | Reached XP level 2. HP: 25/27 MP: 1/1
   444 | D:1      | Reached skill level 3 in Maces & Flails
   895 | D:2      | Reached XP level 3. HP: 33/33 MP: 2/2
   899 | D:2      | Reached skill level 1 in Dodging
  1565 | D:2      | Reached XP level 4. HP: 38/40 MP: 3/3
  1805 | D:2      | Found a faded altar of an unknown god.
  1981 | D:3      | Reached skill level 4 in Maces & Flails
  2118 | D:3      | Found a blossoming altar of Fedhas.
  2206 | D:3      | Reached XP level 5. HP: 44/47 MP: 4/4
  2885 | D:4      | Noticed Grinder
  2905 | D:4      | Killed Grinder
  2906 | D:4      | Reached skill level 5 in Maces & Flails
  2906 | D:4      | Reached XP level 6. HP: 32/55 MP: 5/5
  3180 | D:4      | Noticed Menkaure
  3192 | D:4      | Killed Menkaure
  3193 | D:4      | Reached skill level 5 in Fighting
  3193 | D:4      | Reached skill level 5 in Armour
  3193 | D:4      | Reached skill level 5 in Shields
  4061 | D:5      | Entered Level 5 of the Dungeon
  4070 | D:5      | Reached XP level 7. HP: 60/61 MP: 6/6
  4131 | D:5      | Reached skill level 6 in Maces & Flails
  4242 | D:5      | Found Ynadweo's Armour Shoppe.
  4502 | D:5      | Noticed Pikel
  4528 | D:5      | Killed Pikel
  4529 | D:5      | Reached skill level 7 in Maces & Flails
  4529 | D:5      | Reached XP level 8. HP: 31/70 MP: 7/7
  4553 | D:5      | Identified the +3 flail of the Nurturing Boar {speed,
                  | Contam rPois rC+ rCorr}
  4716 | D:5      | Reached skill level 8 in Maces & Flails
  4791 | D:5      | Found a staircase to the Ecumenical Temple.
  4941 | Temple   | Entered the Ecumenical Temple
  4976 | Temple   | Became a worshipper of the Shining One
  5170 | D:6      | You fall into a shaft and drop 2 floors!
  5251 | D:6      | Reached XP level 9. HP: 59/78 MP: 8/8
  5272 | D:6      | Reached skill level 5 in Dodging
  5933 | D:7      | Reached skill level 9 in Maces & Flails
  6036 | D:7      | Found a transporter.
  6042 | D:7      | Reached * piety under the Shining One
  6110 | D:5      | Bought a +0 chain mail for 49 gold pieces
  6245 | D:7      | Found a transporter.
  6298 | D:7      | Was placed under penance by the Shining One
  6300 | D:7      | HP: 3/79 [cloud of flame (3)]
  6732 | D:7      | Identified 2 scrolls of acquirement
  6732 | D:7      | Acquired 620 gold pieces
  6736 | D:7      | Acquired the amulet "Geuvauf" {Faith +Blink rElec Str+2}
  7381 | D:8      | Found a shadowy altar of Dithmenos.
  7387 | D:8      | Found a shimmering altar of Xom.
  7387 | D:8      | Found a white marble altar of Elyvilon.
  7387 | D:8      | Found a hazy altar of Hepliaklqana.
  7388 | D:8      | Found a burning altar of Makhleb.
  7451 | D:8      | Reached skill level 10 in Maces & Flails
  7606 | D:8      | Noticed a two-headed ogre
  7618 | D:8      | Killed a two-headed ogre
  7619 | D:8      | Reached XP level 10. HP: 26/88 MP: 9/9
  8422 | D:9      | Noticed a two-headed ogre
  8428 | D:9      | Killed a two-headed ogre
  8429 | D:9      | Reached skill level 11 in Maces & Flails
  8474 | D:9      | Was forgiven by the Shining One
  8707 | D:10     | Entered Level 10 of the Dungeon
  9006 | D:9      | Found a staircase to the Lair.
  9426 | D:9      | Reached skill level 12 in Maces & Flails
  9709 | D:10     | Reached XP level 11. HP: 89/97 MP: 10/10
 10620 | D:10     | Found Koacuel's Book Emporium.
 11018 | D:11     | HP: 2/97 [large slime creature (8)]
 11019 | D:11     | Slain by a slime creature

Illustrated notes

Levels and vault maps discovered:
D:1:      amcnicky_arrival_double_pillar, layout_basic
D:2:      minmay_razor_zed, layout_rooms, shapermc_ecumenical_altar_mp_vishouse
D:3:      layout_basic, lemuel_doored_altar, serial_bayou, serial_bayou_ford_a,
          serial_bayou_shore_a, serial_bayou_pond_d, serial_bayou_pond_b
D:4:      layout_basic, serial_co_window_serial, co_window_of_opportunity_a,
          co_window_paths_a, co_window_paths_a, co_window_cross_1,
          co_window_of_opportunity_a, co_window_broadway_c, co_window_2corner,
          co_window_2corner, co_window_corner_b, co_window_corner_ca,
          co_window_sun, glass_columns_b, uniq_grinder, uniq_menkaure
D:5:      layout_gridville, minmay_temple_entry_grid, serial_shops,
          nicolae_stop_n_shop_1, uniq_pikel
D:6:      layout_gridville
D:7:      gammafunk_steamed_eel, layout_cave_pools, wad_floor_pattern_untrapped
D:8:      layout_loops_ring, minitemple, serial_glass, glass_columns_c,
          glass_columns_b
D:9:      layout_roguey, david_lair_shrubbed, corner_web_ring
D:10:     layout_layer_cave, serial_shops, nicolae_take_the_stairs,
          chequers_big_river, hangedman_abyss_or_decor_slice
D:11:     layout_roguey, enter_trove_3
Temple:   nicolae_temple_elliptical

Skill      XL: |  1  2  3  4  5  6  7  8  9 10 |
---------------+-------------------------------+-----
Maces & Flails | 3 4 5 7 8 10 12 | 12.4
Armour         | 4 5 6 8 9 |  9.3
Dodging        | 1 2 4 6 7 |  7.7
Shields        | 4 5 6 8 9 |  9.4
Fighting       | 4 5 6 8 9 |  9.4

Action                   |  1- 3 |  4- 6 |  7- 9 | 10-12 || total
-------------------------+-------+-------+-------+-------++-------
Melee: Flail             |    96 |   106 |    69 |       ||   271
       Headbutt          |    10 |    19 |    36 |    37 ||   102
       Morningstar       |       |       |   141 |   178 ||   319
  Use: Potion            |       |       |     2 |       ||     2
       Scroll            |       |       |    23 |       ||    23
Armor: Scale mail        |    69 |    45 |    49 |       ||   163
       Chain mail        |       |       |    28 |    38 ||    66
       Plate armour      |       |       |       |    35 ||    35
Dodge: Dodged            |    51 |    42 |    79 |    65 ||   237
Block: Buckler           |    24 |    26 |    18 |       ||    68
       Kite shield       |       |       |    33 |    80 ||   113

Table legend: (Time is in decaauts)
 A = Elapsed time spent in this place.
 B = Non-inter-level travel time spent in this place.
 C = Inter-level travel time spent in this place.
 D = Time resting spent in this place.
 E = Time spent auto-exploring this place.
 F = Levels seen in this place.
 G = Mean time per level.
                   A        B        C        D        E       F      G
               +--------+--------+--------+--------+--------+-----+--------+
         Total |  11151 |  10813 |    338 |   1832 |   7323 |  12 |  929.2 |
       Dungeon |  11099 |  10778 |    321 |   1832 |   7298 |  11 | 1009.0 |
        Temple |     52 |     35 |     17 |      0 |     25 |   1 |   52.0 |
               +--------+--------+--------+--------+--------+-----+--------+

Top non-repeatable levels by time:
    D:10: 1645 daAuts
     D:7: 1359 daAuts
     D:4: 1244 daAuts
     D:9: 1137 daAuts
     D:2: 1035 daAuts
     D:8: 1027 daAuts
     D:3: 1022 daAuts
     D:5: 932 daAuts
     D:6: 844 daAuts
     D:1: 831 daAuts
  Temple: 52 daAuts
    D:11: 16 daAuts
